 Dungeon Crawl Stone Soup version 0.30-a0-12-gd8047c6341 (webtiles) character file.

Game seed: 13399089645078951378

4519 drpainis the Protected (level 10, -1/132 HPs)
             Began as a Minotaur Berserker on Aug 23, 2022.
             Was a Priest of Trog.
             Slain by an orc knight
             ... wielding a +0 halberd
              (24 damage)
             ... in a bailey.
             The game lasted 00:11:41 (8082 turns).

drpainis the Protected (Minotaur Berserker)         Turns: 8082, Time: 00:11:42

Health: -1/132     AC: 17    Str: 33    XL:     10   Next: 17%
Magic:  9/9        EV: 11    Int:  4    God:    Trog [***...]
Gold:   243        SH:  0    Dex: 15    Spells: 9/9 levels left

rFire   . . .      SeeInvis .    h - +7 Singing Sword {vorpal, sonic wave}
rCold   . . .      Faith    +    (no shield)
rNeg    . . .      Spirit   .    s - +1 chain mail {rPois}
rPois   +          Reflect  .    (helmet restricted)
rElec   .          Harm     .    B - +0 cloak
rCorr   .          Rampage  .    w - +2 pair of gloves
Will    ++...                    (no boots)
Stlth   ..........               u - amulet of faith
HPRegen 1.32/turn                r - +6 ring of dexterity
MPRegen 0.11/turn                z - +6 ring of strength

@: berserking (expiring), strong-willed, regenerating, very quick
A: horns 2, retaliatory headbutt
a: Renounce Religion, Berserk, Trog's Hand


You were in a bailey.
You worshipped Trog.
Trog was most pleased with you.
You visited 1 branch of the dungeon, and saw 7 of its levels.
You also visited: Bailey.

You collected 368 gold pieces.
You spent 125 gold pieces at shops.

Inventory:

Hand Weapons
 a - a +0 hand axe
 h - the +7 Singing Sword (weapon) {vorpal, sonic wave}
   (You found it on level 4 of the Dungeon)

   It inflicts extra damage upon your enemies.
   It radiates damaging sonic waves as it strikes, especially in combat
   involving dangerous or numerous foes.
 y - a -1 hand axe of pain
Armour
 b - a +0 animal skin
 i - a +0 leather armour
 l - a +0 ring mail
 s - a +1 chain mail of poison resistance (worn)
 w - a +2 pair of gloves (worn)
 B - a +0 cloak (worn)
 F - a +0 chain mail
Jewellery
 m - a ring of wizardry
 o - an amulet of magic regeneration
 r - a +6 ring of dexterity (left hand)
 u - an amulet of faith (around neck)
 x - a ring of protection from cold
 z - a +6 ring of strength (right hand)
Wands
 D - a wand of roots (12)
 H - a wand of light (6)
 L - a wand of paralysis (4)
 M - a wand of polymorph (10)
Scrolls
 c - 10 scrolls of identify {unknown}
 d - 2 scrolls of poison {unknown}
 j - 3 scrolls of teleportation {unknown}
 k - a scroll of amnesia {unknown}
 n - 2 scrolls of magic mapping {unknown}
 p - 2 scrolls of torment {unknown}
 q - a scroll of enchant weapon {unknown}
 E - a scroll of fear {unknown}
 I - a scroll of vulnerability {unknown}
 N - a scroll of immolation {unknown}
Potions
 e - 2 potions of brilliance {unknown}
 f - 3 potions of berserk rage {unknown}
 g - 4 potions of curing {unknown}
 t - 5 potions of mutation {unknown}
 v - 3 potions of heal wounds {unknown}
 A - a potion of degeneration {unknown}
 C - 2 potions of flight {unknown}
 G - a potion of magic {unknown}
 J - a potion of attraction {unknown}
 K - 2 potions of might


   Skills:
 + Level 8.2 Fighting
 + Level 9.4 Long Blades
 + Level 8.5 Axes
 + Level 10.0 Armour
 + Level 4.2 Dodging
 + Level 1.5 Stealth


You had 9 spell levels left.
You didn't know any spells.
Your spell library was empty.

Dungeon Overview and Level Annotations

Branches:
Dungeon (7/15)             Temple (0/1) D:4          Bailey (1/1)

Altars:
Dithmenos
Fedhas
Qazlal
Ru
Sif Muna
Trog

Shops:
D:4 *   D:6 (


Innate Abilities, Weirdness & Mutations

You have a pair of horns on your head.
You reflexively headbutt those who attack you in melee.


Message History

You feel yourself moving faster!
You feel mighty!
You feel a strong urge to attack something.
You slash the orc knight!
The Singing Sword bellows, "SWING ME FASTER, YOU SLUGGISH BONEHEAD!"
You send a blast of sound all around you.
The orc knight is lightly wounded.
The orc knight is heavily wounded. x2
The orc knight hits you with a +0 halberd!
You slash the orc knight!
The orc knight is severely wounded.
The orc knight hits you with a +0 halberd!!
You hit the orc knight but do no damage.
You headbutt the orc knight, but do no damage.
The orc knight is severely wounded.
The orc knight roars a battlecry!
The orcs go into a battle-frenzy!
Unknown command.
You closely miss the orc knight.
The orc knight is severely wounded.
The orc knight hits you from afar with a +0 halberd!!
Unknown command.
You barely miss the orc knight. You headbutt the orc knight!
The orc knight is almost dead.
The orc knight hits you with a +0 halberd!
The orc knight closely misses you.
Unknown command.
You slash the orc knight!
The Screaming Sword howls, "I AM BECOME DEATH, DEFILER OF CHAMPIONS!"
You send a blast of sound all around you.
The orc knight is lightly wounded.
You kill the orc knight!
Trog accepts your kill.
Your Armour skill increases to level 10!
The orc knight hits you with a +0 halberd!!
* * * LOW HITPOINT WARNING * * *
You slash the orc knight! You headbutt the orc knight!
The orc knight is severely wounded.
The orc warrior barely misses you.
The orc knight hits you with a +0 halberd!!
You die...

##..~~.....~~..##
###..~~..###..~~..##########
....~~..## ##..~~..........#
))~~~..## ##..~~~~~~~~~~.#
......## .. ##...)......~.#
####### ##'#############)~.#
$$$. ........##o...o##.~.#
.$.# §≈≈.≈≈≈..o#..o##..~.#
#.## ≈.....≈§.@##.##..~~.#
#+# ...⌠...≈≈.)#'#..~~.## #
§.⌠∩⌠....).#'#..~~.∩# #
§....≈≈..## ##..~~.#
≈≈≈≈≈≈≈..## ##..~.#
........## ##.~.#
##########'###)#########.~.#
......##.....##........).~.#
~~~~~..##.∩.##..~~~~~~)~~~.#


You could see an orc knight (strong) and an orc warrior (strong).

Vanquished Creatures
  An orc knight (Bailey)
  Pikel (D:6)
  Eustachio (D:4)
  3 yaks (D:4)
  A water moccasin (D:5)
  Duvessa (D:7)
  An ice beast (D:5)
  3 orc warriors
  A sky beast (D:6)
  4 ogres
  A centaur (D:7)
  4 lemures (D:6)
  A phantom (D:6)
  A bullfrog (D:6)
  3 necrophages
  9 scorpions
  4 wights (D:6)
  Dowan (D:7)
  Crazy Yiuf (D:4)
  2 orc priests
  A hound (D:5)
  3 iguanas
  An orc wizard (D:5)
  4 adders
  10 gnolls
  A shadow imp (D:7)
  An ufetubus (D:4)
  A worm (D:2)
  2 dart slugs
  38 orcs
  12 ball pythons
  5 endoplasms
  4 giant cockroaches
  13 goblins
  6 hobgoblins
  3 jackals (D:2)
  A quokka (D:5)
  10 bats
  9 kobolds
  6 rats
175 creatures vanquished.

Vanquished Creatures (collateral kills)
  An orc knight (Bailey)
1 creature vanquished.

Vanquished Creatures (others)
  2 fungi (D:4)
  7 plants
9 creatures vanquished.

Grand Total: 185 creatures vanquished

Notes
Turn   | Place    | Note
-------+----------+-------------------------------------------
     0 | D:1      | drpainis the Minotaur Berserker began the quest for the
                  | Orb.
     0 | D:1      | Reached XP level 1. HP: 19/19 MP: 0/0
   488 | D:1      | Found a faded altar of an unknown god.
   501 | D:1      | Reached XP level 2. HP: 18/27 MP: 1/1
  1660 | D:2      | Reached skill level 3 in Armour
  1661 | D:2      | Reached XP level 3. HP: 21/34 MP: 2/2
  1847 | D:2      | Found a stormy altar of Qazlal.
  2923 | D:3      | Reached ** piety under Trog
  3222 | D:3      | Reached XP level 4. HP: 41/41 MP: 3/3
  3875 | D:4      | Noticed a yak
  3877 | D:4      | Noticed a yak
  3879 | D:4      | Noticed a yak
  3885 | D:4      | Killed a yak
  3886 | D:4      | Reached skill level 5 in Fighting
  3886 | D:4      | Reached skill level 5 in Axes
  3886 | D:4      | Reached skill level 4 in Armour
  3886 | D:4      | Reached XP level 5. HP: 46/48 MP: 4/4
  3894 | D:4      | Killed a yak
  3895 | D:4      | Reached skill level 5 in Armour
  3895 | D:4      | Reached skill level 1 in Stealth
  3895 | D:4      | Reached XP level 6. HP: 56/56 MP: 5/5
  3898 | D:4      | Killed a yak
  3899 | D:4      | Reached XP level 7. HP: 61/61 MP: 6/6
  4005 | D:4      | Noticed Eustachio
  4109 | D:4      | Killed Eustachio
  4110 | D:4      | Reached skill level 6 in Armour
  4658 | D:4      | Reached XP level 8. HP: 41/70 MP: 7/7
  4660 | D:4      | Reached skill level 7 in Armour
  4676 | D:4      | Found the +7 Singing Sword {vorpal, sonic wave}
  5012 | D:4      | Found a runed translucent door.
  5013 | D:4      | Noticed Crazy Yiuf
  5160 | D:4      | Found Uhulob's Assorted Antiques.
  5168 | D:4      | Bought a coral ring for 125 gold pieces
  5406 | D:4      | Found a staircase to the Ecumenical Temple.
  5461 | D:4      | Found a blossoming altar of Fedhas.
  5497 | D:4      | Found a sacrificial altar of Ru.
  5626 | D:4      | Killed Crazy Yiuf
  5671 | D:5      | Entered Level 5 of the Dungeon
  5755 | D:5      | Reached *** piety under Trog
  5756 | D:5      | Reached skill level 1 in Long Blades
  5911 | D:5      | Found a bloodstained altar of Trog.
  6072 | D:5      | Reached skill level 8 in Armour
  6485 | D:6      | Found Fommisad's Weapon Boutique.
  6704 | D:6      | Found a shadowy altar of Dithmenos.
  6713 | D:6      | Reached skill level 5 in Long Blades
  6713 | D:6      | Reached XP level 9. HP: 52/78 MP: 8/8
  7002 | D:6      | Noticed Pikel
  7007 | D:6      | Killed Pikel
  7149 | D:6      | Found a shimmering blue altar of Sif Muna.
  7352 | D:7      | Reached **** piety under Trog
  7409 | D:7      | Noticed Duvessa
  7410 | D:7      | Noticed Dowan
  7419 | D:7      | Killed Dowan
  7420 | D:7      | Reached skill level 9 in Armour
  7422 | D:7      | Killed Duvessa
  7818 | D:7      | Found a flagged portal.
  7825 | Bailey   | Entered a bailey
  8005 | Bailey   | Noticed an orc knight
  8023 | Bailey   | Noticed an orc knight
  8025 | Bailey   | Killed an orc knight
  8026 | Bailey   | Reached XP level 10. HP: 50/88 MP: 9/9
  8041 | Bailey   | Noticed an orc knight
  8080 | Bailey   | Killed an orc knight
  8081 | Bailey   | Reached skill level 10 in Armour
  8082 | Bailey   | Slain by an orc knight

Illustrated notes

Levels and vault maps discovered:
D:1:      roderic_dead_forest, layout_loops_ring, ebering_ecumenical_altar_ruins
D:2:      layout_basic, basic_altar
D:3:      layout_basic, serial_bayou_crossing
D:4:      old_forge, layout_loops_ring, mainiacjoe_overflow_two_lobes,
          minmay_temple_entry_nine_rooms, serial_shops, shop, uniq_eustachio,
          uniq_crazy_yiuf_cottage
D:5:      layout_gridville, trog_three_pillars_becter
D:6:      layout_gridville, led_sif_book, mainiacjoe_overflow_catwalk,
          serial_shops, shop, uniq_pikel
D:7:      minmay_opposing_rooms, layout_loops_ring, enter_bailey_3,
          nicolae_fountain_basement, uniq_duvessa, uniq_maggie
Bailey:   bailey_polearm_1, bailey

Skill      XL: |  1  2  3  4  5  6  7  8  9 10 |
---------------+-------------------------------+-----
Fighting       | 4 5 6 8 |  8.2
Axes           | 4 5 6 7 8 |  8.5
Armour         | 3 4 5 6 8 9 10 | 10.0
Dodging        | 3 4 |  4.2
Stealth        | 1 |  1.5
Long Blades    | 5 8 9 |  9.4

Action                   |  1- 3 |  4- 6 |  7- 9 | 10-12 || total
-------------------------+-------+-------+-------+-------++-------
Melee: Hand axe          |    91 |    26 |    89 |       ||   206
       Headbutt          |    11 |     9 |    42 |     3 ||    65
       Punch             |       |       |     4 |       ||     4
       Double sword      |       |       |   123 |    13 ||   136
Invok: Berserk           |     2 |     2 |     4 |     1 ||     9
       Trog's Hand       |       |     1 |     6 |     1 ||     8
       Brothers in Arms  |       |       |     1 |       ||     1
  Use: Potion            |       |       |     2 |       ||     2
Armor: Leather armour    |    10 |       |       |       ||    10
       Animal skin       |     4 |       |       |       ||     4
       Chain mail        |    18 |    12 |   205 |     1 ||   236
       Ring mail         |    12 |       |       |       ||    12
       Skin              |       |       |    45 |       ||    45
Dodge: Dodged            |    67 |    11 |   200 |     5 ||   283

Table legend: (Time is in decaauts)
 A = Elapsed time spent in this place.
 B = Non-inter-level travel time spent in this place.
 C = Inter-level travel time spent in this place.
 D = Time resting spent in this place.
 E = Time spent auto-exploring this place.
 F = Levels seen in this place.
 G = Mean time per level.
                   A        B        C        D        E       F      G
               +--------+--------+--------+--------+--------+-----+--------+
         Total |   8213 |   7904 |    309 |      0 |   6320 |   8 | 1026.6 |
       Dungeon |   7937 |   7628 |    309 |      0 |   6213 |   7 | 1133.9 |
        Bailey |    276 |    276 |      0 |      0 |    106 |   1 |  276.0 |
               +--------+--------+--------+--------+--------+-----+--------+

Top non-repeatable levels by time:
     D:4: 1827 daAuts
     D:1: 1642 daAuts
     D:2: 1231 daAuts
     D:3: 1041 daAuts
     D:6: 857 daAuts
     D:5: 764 daAuts
     D:7: 572 daAuts
  Bailey: 276 daAuts
